 Dungeon Crawl Stone Soup version 0.29.1-12-g30fa7ad0bf (webtiles) character file.

Game seed: 2008018072663894386

42925 cowcol the Tortoise (level 13, -14/98 (101) HPs)
             Began as a Minotaur Monk on Jan 16, 2023.
             Was a High Priest of Hepliaklqana.
             Demolished by an orc warrior
             ... wielding a +0 glaive
              (30 damage)
             ... while paralysed by an orc sorcerer
             ... on level 2 of the Orcish Mines on Jan 17, 2023.
             The game lasted 01:07:32 (28583 turns).

cowcol the Tortoise (Minotaur Monk)                Turns: 28583, Time: 01:07:32

HP:   -14/98 (101)  AC: 28    Str: 22    XL:     13   Next: 88%
MP:   11/12         EV:  2    Int:  7    God:    Hepliaklqana [*****.]
Gold: 1035          SH:  0    Dex: 17    Spells: 12/12 levels left

rFire   + . .      SeeInvis .   Q - +3 battleaxe "Pitupil" {venom, rF+ Str+3 Dex-4}
rCold   . . .      Faith    .   (shield currently unavailable)
rNeg    . . .      Spirit   .   g - +0 crystal plate armour
rPois   .          Reflect  .   (helmet restricted)
rElec   .          Harm     .   (no cloak)
rCorr   .          Rampage  .   z - +2 pair of gloves {infuse}
Will    .....                   (no boots)
Stlth   ..........              m - amulet of regeneration
HPRegen 1.06/turn               A - +4 ring of evasion
MPRegen 0.13/turn               D - +6 ring of dexterity

@: paralysed, lightly drained
A: reduced essence, horns 2, retaliatory headbutt, large bone plates 1, wild
magic 1
a: Renounce Religion, Recall Ancestor, Ancestor Identity, Transference, Idealise


You were on level 2 of the Orcish Mines.
You worshipped Hepliaklqana.
Hepliaklqana was extremely pleased with you.
You visited 4 branches of the dungeon, and saw 19 of its levels.

You collected 1349 gold pieces.
You spent 314 gold pieces at shops.

Inventory:

Hand Weapons
 w - the +7 trident "Zoizeut" {vamp, rElec Will+}
   (You found it on level 5 of the Lair of Beasts)

   It occasionally heals its wielder for a portion of the damage dealt when it
   wounds a living foe.
   rElec:     It insulates you from electricity.
   Will:      It increases your willpower.
 F - a +6 great sword
 K - a +0 rapier
 L - a +3 rapier of flaming
 Q - the +3 battleaxe "Pitupil" (weapon) {venom, rF+ Str+3 Dex-4}
   (You found it on level 11 of the Dungeon)

   It poisons the flesh of those it strikes.
   Str:       It affects your strength (+3).
   Dex:       It affects your dexterity (-4).
   rF:        It protects you from fire.
 R - a +2 scimitar of flaming
 S - the +9 spear of the Empty Page {flame, rElec rN+ Dex+3}
   (You found it on level 11 of the Dungeon)

   It burns those it strikes, dealing additional fire damage.
   Dex:       It affects your dexterity (+3).
   rElec:     It insulates you from electricity.
   rN:        It protects you from negative energy.
Missiles
 e - 16 boomerangs
 j - 28 poisoned darts
 o - 7 curare-tipped darts
 P - 3 javelins
Armour
 c - a +1 chain mail
 g - a +0 crystal plate armour (worn)
 l - a +0 ring mail
 z - a +2 pair of gloves of infusion (worn)
 W - a +0 plate armour of cold resistance
Magical Staves
 X - a staff of poison
Jewellery
 m - an amulet of regeneration (around neck)
 p - a ring of positive energy
 A - a +4 ring of evasion (left hand)
 D - a +6 ring of dexterity (right hand)
Wands
 d - a wand of flame (9)
 y - a wand of paralysis (32) (quivered)
 M - a wand of acid (16)
 T - a wand of iceblast (4)
Scrolls
 f - 4 scrolls of magic mapping
 h - 5 scrolls of fear
 s - 4 scrolls of teleportation
 B - 2 scrolls of identify
 E - a scroll of butterflies
 G - a scroll of blinking
 H - a scroll of summoning
Potions
 a - a potion of cancellation {unknown}
 i - a potion of brilliance {unknown}
 n - a potion of magic
 q - a potion of mutation
 r - a potion of ambrosia
 t - a potion of might {unknown}
 u - 2 potions of curing
 v - 2 potions of flight {unknown}
 x - 3 potions of berserk rage
 C - a potion of resistance
 I - a potion of invisibility {unknown}
 J - 4 potions of heal wounds
 N - 3 potions of haste
Miscellaneous
 U - a lightning rod (4/4)
 Y - a tin of tremorstones (2/2)


   Skills:
 + Level 10.2 Fighting
 * Level 11.3 Long Blades
 + Level 15.7(16.2) Axes
 * Level 6.3(12.0) Polearms
 + Level 4.3 Throwing
 * Level 16.3 Armour
 + Level 4.0 Dodging
 + Level 3.1 Stealth
 + Level 4.6 Shields
 + Level 1.8 Evocations


You had 12 spell levels left.
You didn't know any spells.
Your spell library contained the following spells:

 Spells                   Type           Power      Damage    Failure   Level
 Magic Dart               Conj           0%         1d3       100%        1
 Necrotise                Necr           0%         1d4       100%        1
 Shock                    Conj/Air       0%         1d3       100%        1
 Summon Small Mammal      Summ           0%         N/A       100%        1
 Call Imp                 Summ           0%         N/A       100%        2
 Searing Ray              Conj           0%         2d4       100%        2
 Static Discharge         Conj/Air       0%         3-3/arc   100%        2
 Call Canine Familiar     Summ           0%         N/A       100%        3
 Mephitic Cloud           Conj/Pois/Air  0%         N/A       100%        3
 Portal Projectile        Hex/Tloc       0%         N/A       100%        3
 Summon Guardian Golem    Hex/Summ       0%         N/A       100%        3
 Swiftness                Air            0%         N/A       100%        3
 Tukima's Dance           Hex            0%         N/A       100%        3
 Vampiric Draining        Necr           0%         2d6       100%        3
 Airstrike                Air            0%         2d(0-16)  100%        4
 Dispel Undead            Necr           0%         3d6       100%        4
 Fulminant Prism          Conj/Hex       0%         3d6       100%        4
 Sticky Flame             Conj/Fire      0%         2d3       100%        4
 Agony                    Necr           0%         N/A       100%        5
 Blade Hands              Tmut           0%         N/A       100%        5
 Freezing Cloud           Conj/Ice/Air   0%         6-21      100%        5
 Summon Forest            Summ/Tloc      0%         N/A       100%        5
 Eringya's Noxious Bog    Tmut/Pois      0%         N/A       100%        6
 Summon Hydra             Summ           0%         N/A       100%        7
 Necromutation            Tmut/Necr      0%         N/A       100%        8
 Chain Lightning          Conj/Air       0%         N/A       100%        9
 Fire Storm               Conj/Fire      0%         5d1       100%        9
 Shatter                  Erth           0%         3d5*      100%        9


Dungeon Overview and Level Annotations

Branches:
Dungeon (11/15)            Temple (1/1) D:5            Lair (5/5) D:11
  Swamp (0/4) Lair:2       Spider (0/4) Lair:2        Slime (0/5) Lair:4
    Orc (2/2) D:11            Elf (0/3) Orc:2

Altars:
Ashenzari
Cheibriados
Dithmenos
Elyvilon
Fedhas
Gozag
Hepliaklqana
Kikubaaqudgha
Makhleb
Nemelex Xobeh
Okawaru
Qazlal
Ru
Sif Muna
Trog
Uskayaw
Vehumet
Wu Jian
Xom
Yredelemnul
Zin
The Shining One
Jiyva

Shops:
D:5 (   Orc:1 (?

Annotations:
D:7 1 runed translucent door, FexLirch's ghost, novice MeEE
D:8 1 runed translucent door
D:9 exclusion: ice statue
D:11 1 runed translucent door, RapScallion's ghost, journeyman HOFi
Orc:2 Blork the orc; Saint Roka


Innate Abilities, Weirdness & Mutations

Your life essence is reduced to manifest your ancestor. (-10% HP)
You have a pair of horns on your head.
You reflexively headbutt those who attack you in melee.
You are partially covered in large bone plates. (SH +4)
Your spells are a little harder to cast, but a little more powerful.


Message History

The orc sorcerer hits you but does no damage.
The orc warrior hits you from afar with a +0 glaive.
The orc knight roars a battlecry!
The orcs go into a battle-frenzy!
Saint Roka roars a battlecry!
The orc knight goes into a battle-frenzy!
Nindada hits the orc warrior with a +0 quarterstaff!
You hear a shout! x2
The orc wizard gestures wildly while chanting.
The orc wizard flickers and vanishes!
Deactivating autopickup; reactivate with Ctrl-A.
The orc sorcerer points at you and mumbles some strange words.
You resist with some effort.
The orc warrior hits you from afar with a +0 glaive!
The orc warrior barely misses Nindada.
The orc knight roars a battlecry!
Nindada barely misses the orc warrior.
The orc warrior hits you with a +0 dire flail!
The orc sorcerer hits you but does no damage.
The orc warrior hits you from afar with a +0 glaive!
The orc warrior hits Nindada with a +0 short sword!
Saint Roka calls down the wrath of Beogh upon you.
Beogh smites you!
Nindada points at the orc warrior and mumbles some strange words.
The stone arrow hits the orc warrior!!
The orc warrior dies!
The orc warrior unwields a +0 short sword.
The orc warrior wields a +0 arbalest.
The orc warrior shoots a bolt.
The bolt hits you but does no damage.
An orc comes into view. It is wielding a +0 whip.
The orc sorcerer hits you but does no damage.
The orc warrior hits you but does no damage.
The orc warrior hits Nindada with a +2 dire flail of holy wrath!!
Nindada is destroyed!
You hear a shout!
The orc sorcerer casts a spell at you. The bolt of negative energy hits you!!
You feel drained.
* * * LOW HITPOINT WARNING * * *
The orc warrior hits you from afar with a +0 glaive!!
You die...

*,,,,,,,*,,,,,,,,,**,,,*,,,,,*,,,
,,,*,,,,*.$$......***,..,,,,,,,,*
*,,,,,,,.........#####o.,,,,,,,**
,,,,,,,,...........8ooo.,,,,,,,,,
,,,,,,,,...........o.o..,,,,,,,,,
,,,,,,,,..........4oooo.,,_,,,,,,
,,,,,,,,.........oooooo.,,,,,,,,,
,,,,,,,,........o)o8o...,,,,,,,,,
,,**,,,*........@##***,,,,,,,,,**
*****,,,.>.....<..#**,,,,,,,,,,,*
**,*#.........#*,,,*,,,,,*,,,
**,*.........##,,,**,,,,,**,,
*,,,#........#,,,***8,,,8***,
**,*.........#∩,**,*,,,,,*,**
**,.......$.#***,,*,,,,,*,,*
**.#....#...,,,,,,,,,,,,,,,
**##.<.....,,,,,,,,,**,,**


You could see Saint Roka (strong), 2 orc knights, a hellwing (summoned), 2 orc
sorcerers, Blork the orc (strong), 5 orc warriors, 2 orc priests, an orc wizard
(strong) and 5 orcs.

Vanquished Creatures
  Rupert (Lair:5)
  Josephine (D:10)
  3 hydras
  2 catoblepae (Lair:5)
  Erica (D:8)
  2 two-headed ogres
  5 death yaks
  A dancing weapon (D:6)
  A sea snake (Lair:4)
  2 lindwurms (Lair:4)
  An orc sorcerer (Orc:1)
  A cyclops (D:11)
  2 manticores
  An elephant (Lair:4)
  A black mamba (Lair:5)
  An orange demon (D:11)
  4 cane toads
  A rime drake (Lair:4)
  An unseen horror (D:10)
  4 komodo dragons
  An efreet (D:11)
  A troll (D:10)
  4 hornets
  2 wind drakes (Lair:5)
  4 polar bears
  9 blink frogs
  2 snapping turtles
  29 yaks
  A shadow (D:10)
  6 wraiths
  4 wyverns
  3 vampire mosquitoes
  A steam dragon (Lair:5)
  A redback (D:11)
  A basilisk (Lair:1)
  2 acid dragons (D:10)
  3 water moccasins
  A sky beast (D:8)
  4 black bears
  An ogre (D:5)
  3 orc warriors
  An ice beast (D:7)
  11 wolves
  A centaur (D:10)
  The ghost of hawla the Firebug, an amateur MeFE of Vehumet (D:6)
  2 kobold brigands
  3 phantoms
  6 bullfrogs
  2 scorpions
  A gnoll sergeant (D:6)
  10 wights (D:6)
  4 killer bees (D:10)
  A howler monkey (D:6)
  2 electric eels
  A jelly (D:7)
  5 hounds
  7 orc priests
  13 orc wizards
  3 iguanas
  7 gnolls
  12 adders
  A white imp (D:6)
  5 dart slugs
  33 orcs
  7 ball pythons
  4 endoplasms
  4 giant cockroaches
  7 goblins
  7 hobgoblins
  3 jackals (D:1)
  17 kobolds
  7 quokkas
  6 bats
  2 frilled lizards
  10 rats
325 creatures vanquished.

Vanquished Creatures (collateral kills)
  A merfolk avatar (Lair:5)
  A death yak (Lair:4)
  Amaemon (D:10)
  Sonja (Lair:5)
  An orb spider (Lair:2)
  A cyclops (D:11)
  2 black mambas
  5 cane toads
  3 komodo dragons
  2 rime drakes (Lair:5)
  4 blink frogs
  2 basilisks
  4 yaks (Lair:5)
  A steam dragon (Lair:4)
  2 water moccasins (Lair:3)
  An acid dragon (D:11)
  2 orc warriors
  An ogre (D:4)
  A wolf (Lair:5)
  6 bullfrogs
  An electric eel (Lair:4)
  An orc priest (D:11)
  3 orcs (Orc:1)
  A butterfly (Lair:2)
48 creatures vanquished.

Vanquished Creatures (others)
  Erolcha (D:10)
  18 battlemagi
  16 fungi
  48 plants
  8 toadstools (Lair:4)
91 creatures vanquished.

Grand Total: 464 creatures vanquished

Notes
Turn   | Place    | Note
-------+----------+-------------------------------------------
     0 | D:1      | cowcol the Minotaur Monk began the quest for the Orb.
     0 | D:1      | Reached XP level 1. HP: 19/19 MP: 0/0
     8 | D:1      | Found a faded altar of an unknown god.
    76 | D:1      | Got Plato's Codex of Creation
   229 | D:1      | Reached XP level 2. HP: 23/27 MP: 1/1
   850 | D:1      | Reached XP level 3. HP: 29/33 MP: 2/2
  1479 | D:1      | Reached skill level 1 in Long Blades
  1903 | D:2      | HP: 1/33 [poisoned by an adder]
  2430 | D:2      | Reached skill level 1 in Armour
  2561 | D:2      | Reached XP level 4. HP: 40/40 MP: 3/3
  2816 | D:2      | Reached skill level 2 in Armour
  3482 | D:3      | Reached XP level 5. HP: 25/47 MP: 4/4
  3966 | D:3      | Reached skill level 3 in Armour
  4643 | D:3      | Gained mutation: You are partially covered in large bone
                  | plates. (SH +4) [potion of mutation]
  4643 | D:3      | Gained mutation: Your spells are a little harder to cast,
                  | but a little more powerful. [potion of mutation]
  4738 | D:4      | Reached skill level 4 in Armour
  4738 | D:4      | Reached XP level 6. HP: 30/55 MP: 5/5
  4779 | D:4      | Reached skill level 5 in Axes
  4859 | D:4      | Reached skill level 5 in Fighting
  5339 | D:4      | Found a glowing silver altar of Zin.
  5488 | D:5      | Entered Level 5 of the Dungeon
  5504 | D:5      | Reached skill level 5 in Armour
  5504 | D:5      | Reached XP level 7. HP: 42/61 MP: 6/6
  5956 | D:5      | Found Woanut Mamu's Antique Weapon Boutique.
  6087 | D:5      | Reached skill level 1 in Throwing
  6340 | D:5      | Found a glowing golden altar of the Shining One.
  6342 | D:5      | Noticed an angel
  6347 | D:5      | Found a basalt altar of Yredelemnul.
  6349 | D:5      | Noticed a profane servitor
  6557 | D:5      | Found a staircase to the Ecumenical Temple.
  6566 | Temple   | Entered the Ecumenical Temple
  7161 | D:5      | Reached skill level 6 in Armour
  7161 | D:5      | Reached XP level 8. HP: 56/69 MP: 4/7
  7859 | D:6      | Reached skill level 7 in Armour
  8057 | D:6      | Reached skill level 8 in Armour
  8875 | D:6      | Found a runed translucent door.
  8875 | D:6      | Found a shimmering altar of Xom.
  8875 | D:6      | Noticed hawla's ghost (amateur MeFE)
  8876 | D:6      | Noticed a +5 falchion of chaos
  8924 | D:6      | Reached XP level 9. HP: 77/77 MP: 5/8
  9248 | D:6      | Reached skill level 5 in Long Blades
  9547 | D:6      | Killed a +5 falchion of chaos
  9548 | D:6      | Reached skill level 9 in Armour
  9548 | D:6      | Reached skill level 1 in Shields
  9556 | D:6      | Killed hawla's ghost
  9916 | D:7      | Found a runed translucent door.
  9925 | D:7      | Noticed FexLirch's ghost (novice MeEE)
 10188 | D:7      | Found a bloodstained altar of Trog.
 10188 | D:7      | Found a blossoming altar of Fedhas.
 10444 | D:8      | Noticed a two-headed ogre
 11057 | D:8      | Noticed a sixfirhy
 11074 | D:8      | Found a runed translucent door.
 11454 | D:8      | Reached skill level 10 in Armour
 11454 | D:8      | Reached XP level 10. HP: 56/84 MP: 1/9
 11455 | D:8      | Killed a two-headed ogre
 11456 | D:8      | Reached skill level 10 in Axes
 11826 | D:8      | Noticed Erica
 11828 | D:8      | Found a sacrificial altar of Ru.
 11840 | D:8      | Killed Erica
 11910 | D:8      | Found a radiant altar of Vehumet.
 12475 | D:7      | Reached skill level 11 in Armour
 14078 | D:9      | Noticed an ice statue
 14110 | D:9      | Noticed a two-headed ogre
 14116 | D:9      | Killed a two-headed ogre
 14451 | D:10     | Entered Level 10 of the Dungeon
 14555 | D:10     | Noticed Erolcha
 14575 | D:10     | Killed Erolcha
 14576 | D:10     | Reached XP level 11. HP: 70/94 MP: 7/10
 14696 | D:10     | Reached skill level 1 in Evocations
 14765 | D:10     | Reached skill level 12 in Armour
 15290 | D:10     | Noticed Josephine
 15296 | D:10     | Killed Josephine
 15839 | D:10     | Found a hazy altar of Hepliaklqana.
 15839 | D:10     | Found a broken altar of Ashenzari.
 15845 | D:10     | Became a worshipper of Hepliaklqana the Forgotten
 15845 | D:10     | Reached * piety under Hepliaklqana
 15845 | D:10     | Reached ** piety under Hepliaklqana
 15846 | D:10     | Remembered your ancestor Nindada as a battlemage
 16300 | D:11     | Noticed Amaemon
 16313 | D:10     | Killed Amaemon
 17537 | D:11     | Found a runed translucent door.
 17537 | D:11     | Noticed RapScallion's ghost (journeyman HOFi)
 17548 | D:11     | Found a staircase to the Orcish Mines.
 17915 | D:11     | Identified the +3 battleaxe "Pitupil" {venom, rF+ Str+3
                  | Dex-4}
 17919 | D:11     | Got Xell's Papyrus of Vapour and Transmogrification
 17930 | D:11     | Identified the +9 spear of the Empty Page {flame, rElec rN+
                  | Dex+3}
 18513 | D:11     | Found a staircase to the Lair.
 18832 | Lair:1   | Entered Level 1 of the Lair of Beasts
 18898 | Lair:1   | Reached skill level 13 in Armour
 19024 | Lair:1   | Reached XP level 12. HP: 93/93 MP: 7/11
 19410 | Lair:1   | Reached *** piety under Hepliaklqana
 20109 | Lair:2   | Found a staircase to the Swamp.
 21241 | Lair:2   | Found a hole to the Spider Nest.
 21349 | Lair:2   | Reached skill level 1 in Polearms
 21885 | Lair:3   | Reached skill level 10 in Long Blades
 21915 | Lair:3   | Noticed a four-headed hydra
 21922 | Lair:3   | Killed a four-headed hydra
 21923 | Lair:3   | Reached skill level 14 in Armour
 21992 | Lair:3   | Noticed a five-headed hydra
 22000 | Lair:3   | Killed a five-headed hydra
 22047 | Lair:3   | Noticed a death yak
 22047 | Lair:3   | Noticed a death yak
 22060 | Lair:3   | Noticed a death yak
 22061 | Lair:3   | Noticed a death yak
 22123 | Lair:2   | Killed a death yak
 22172 | Lair:3   | Killed a death yak
 22175 | Lair:3   | Noticed a death yak
 22182 | Lair:3   | Killed a death yak
 22193 | Lair:3   | Killed a death yak
 22205 | Lair:3   | Killed a death yak
 22432 | Lair:3   | Reached **** piety under Hepliaklqana
 22957 | Lair:4   | Noticed a four-headed hydra
 22968 | Lair:4   | Killed a four-headed hydra
 23237 | Lair:4   | Found a staircase to the Slime Pits.
 23237 | Lair:4   | Found a viscous altar of Jiyva.
 23248 | Lair:4   | Reached XP level 13. HP: 80/100 MP: 12/12
 23666 | Lair:4   | Reached skill level 15 in Armour
 23706 | Lair:4   | Found a runed translucent door.
 24312 | Lair:5   | Entered Level 5 of the Lair of Beasts
 24634 | Lair:5   | Paralysed by a hornet for 3 turns
 24641 | Lair:5   | HP: 2/101 [poisoned by a sea snake]
 24643 | Lair:5   | Reached ***** piety under Hepliaklqana
 24855 | Lair:5   | Reached skill level 15 in Axes
 24855 | Lair:5   | Reached skill level 5 in Polearms
 24869 | Lair:4   | Reached skill level 10 in Fighting
 25570 | Lair:5   | Reached skill level 16 in Armour
 25958 | Lair:5   | Noticed Sonja
 25963 | Lair:5   | Killed Sonja
 26919 | Lair:5   | Identified the +7 trident "Zoizeut" {vamp, rElec Will+}
 27452 | Lair:5   | Noticed Rupert
 27465 | Lair:5   | Killed Rupert
 28424 | Orc:1    | Entered Level 1 of the Orcish Mines
 28461 | Orc:1    | Found Rophin's Weapon Emporium.
 28471 | Orc:1    | Found Casiyrph's Magic Scroll Shop.
 28493 | Orc:1    | Bought a scroll of enchant armour for 112 gold pieces
 28493 | Orc:1    | Bought a scroll of identify for 30 gold pieces
 28493 | Orc:1    | Bought a scroll of identify for 30 gold pieces
 28493 | Orc:1    | Bought a scroll of blinking for 112 gold pieces
 28493 | Orc:1    | Bought a scroll of identify for 30 gold pieces
 28570 | Orc:2    | Entered Level 2 of the Orcish Mines
 28570 | Orc:2    | Found a staircase to the Elven Halls.
 28572 | Orc:2    | Noticed Saint Roka
 28574 | Orc:2    | Noticed Blork the orc
 28578 | Orc:2    | Paralysed by an orc sorcerer for 5 turns
 28583 | Orc:2    | Demolished by an orc warrior

Illustrated notes

Levels and vault maps discovered:
D:1:      sevenhm_arrival_forest_fort_small_6, layout_basic,
          shapermc_ecumenical_altar_rom_forum
D:2:      layout_loops_ring, grunt_decor_junction, st_stairs_11
D:3:      layout_rooms, chequers_mini_garden, cheibrodos_gnoll_hut
D:4:      layout_loops_ring, mainiacjoe_overflow_tiny_flanked
D:5:      layout_layer_cave, grunt_temple_overflow_holy_war,
          minmay_temple_entry_mist, serial_shops, nicolae_shop_stone
D:6:      cheibrodos_helix_gallery, layout_basic, ebering_ghost_xom
D:7:      layout_rooms, gammafunk_temple_overflow_pools,
          ebering_ghost_reflecting_pool
D:8:      cheibrodos_shockbox, layout_cave_pools, minitemple,
          nicolae_elevator_lobby_plus, uniq_erica
D:9:      lemuel_ice_statue, layout_basic, minmay_misc_feat_columns,
          hangedman_abyss_or_decor_stagger, minmay_statues_item,
          nrook_pool_corridor
D:10:     layout_loops_ring, nicolae_overflow_two_pavilions, minivault_21,
          minmay_diced_spiral, uniq_josephine, uniq_erolcha
D:11:     layout_layer_cave, lair_entry_dummy, orc_0_dummy,
          hellmonk_ghost_happy_afterlife, minmay_diamond_spiral, uniq_amaemon
Temple:   dshaligram_water_room_temple
Lair:1:   layout_regular_city
Lair:2:   layout_chaotic_city, swamp_mist, nicolae_spider_entry_orb_guardian,
          minivault_25, st_stairs_8, chequers_serial_rivers_micro_a,
          grunt_megastairs_4, lemuel_fruit_fields
Lair:3:   layout_roguey
Lair:4:   gammafunk_lair_enchanted_lake, layout_cellular_growth, slime_entry_1,
          nicolae_quartered_pool_impasse, grunt_megastairs_5, lemuel_fruit_tree
Lair:5:   gammafunk_lair_ancient_temple, layout_regular_city, uniq_sonja,
          uniq_rupert
Orc:1:    layout_diamond_mine, serial_shops, nicolae_shop_advertising_works
          [nicolae_subvault_shop_adworks], shop,
          nicolae_shop_bloodbath_and_beyond, nicolae_shop_waterfront, shop
Orc:2:    grunt_orc_cross, layout_caves

Skill      XL: |  1  2  3  4  5  6  7  8  9 10 11 12 13 |
---------------+----------------------------------------+-----
Fighting       | 4 5 6 7 9 10 | 10.2
Axes           | 4 5 7 8 9 11 13 14 15 | 15.7
Long Blades    | 1 2 3 4 6 8 9 10 11 | 11.3
Armour         | 1 2 4 5 6 8 10 11 13 14 16 | 16.3
Stealth        | 2 3 |  3.1
Throwing       | 1 2 3 4 |  4.3
Shields        | 1 2 3 4 |  4.6
Dodging        | 4 |  4.0
Evocations     | 1 |  1.8
Polearms       | 3 6 |  6.3

Action                   |  1- 3 |  4- 6 |  7- 9 | 10-12 | 13-15 || total
-------------------------+-------+-------+-------+-------+-------++-------
Melee: Hand axe          |    79 |     3 |       |       |       ||    82
       Headbutt          |    12 |    12 |    43 |    79 |    34 ||   180
       Falchion          |    13 |       |       |       |       ||    13
       Punch             |     1 |     1 |       |       |       ||     2
       War axe           |       |   139 |    75 |       |       ||   214
       Battleaxe         |       |       |   136 |   362 |   132 ||   630
       Spear             |       |       |       |    14 |       ||    14
Throw: Boomerang         |     6 |       |    46 |       |       ||    52
       Dart              |       |       |     9 |    16 |       ||    25
Invok: Ancestor Life: Ba |       |       |       |     1 |       ||     1
Evoke: Wand              |       |       |     3 |    17 |     4 ||    24
  Use: Scroll            |     2 |     5 |    10 |     4 |    16 ||    37
       Potion            |     1 |     2 |     2 |       |     3 ||     8
 Stab: Sleeping          |     4 |       |       |       |       ||     4
       Invisible         |       |       |       |     1 |       ||     1
       Distracted        |       |       |       |     1 |     2 ||     3
       Paralysed         |       |       |       |     1 |       ||     1
Armor: Robe              |     7 |       |       |       |       ||     7
       Leather armour    |     8 |       |       |       |       ||     8
       Crystal plate arm |    24 |     5 |    37 |   243 |   129 ||   438
       Chain mail        |     2 |    89 |    94 |       |       ||   185
Dodge: Dodged            |    57 |    85 |   130 |   134 |    79 ||   485
Block: Other             |       |     8 |    36 |    64 |    27 ||   135
